 Dungeon Crawl Stone Soup version 0.28.0-49-g6dfe1f597d (webtiles) character file.

Game seed: 9848613041252331235

61 Exodus22XD the Ducker (level 3, -5/27 HPs)
             Began as a Demonspawn Gladiator on May 15, 2022.
             Killed by nerve-wracking pain
             ... invoked by an orc priest
              (6 damage)
             ... on level 3 of the Dungeon.
             The game lasted 00:01:03 (1762 turns).

Exodus22XD the Ducker (Demonspawn Gladiator)        Turns: 1762, Time: 00:01:03

Health: -5/27      AC:  5    Str: 16    XL:     3   Next: 83%
Magic:  3/3        EV: 11    Int:  9    God:
Gold:   102        SH:  0    Dex: 14    Spells: 2/2 levels left

rFire   . . .      SeeInvis .   a - +0 trident
rCold   . . .      Faith    .   (no shield)
rNeg    . . .      Spirit   .   e - +0 ring mail
rPois   .          Reflect  .   (helmet restricted)
rElec   .          Harm     .   (no cloak)
rCorr   .          Rampage  .   (no gloves)
Will    .....                   (no boots)
Stlth   +.........              (no amulet)
HPRegen 0.09/turn               (no ring)
MPRegen 0.08/turn               (no ring)

@: no status effects
A: horns 1, foul stench 1
a: no special abilities


You were on level 3 of the Dungeon.
You visited 1 branch of the dungeon, and saw 3 of its levels.

You collected 102 gold pieces.

Inventory:

Hand Weapons
 a - a +0 trident (weapon)
Missiles
 d - 3 throwing nets (quivered)
Armour
 b - a +0 leather armour
 c - a +0 helmet
 e - a +0 ring mail (worn)
Scrolls
 f - a scroll of noise {unknown}
 g - 2 scrolls of teleportation {unknown}
 j - a scroll of identify {unknown}
 k - 3 scrolls of silence {unknown}
Potions
 h - a potion of curing {unknown}
 i - a potion of lignification {unknown}
 l - a potion of haste {unknown}


   Skills:
 + Level 2.1 Fighting
 + Level 3.4 Polearms
 + Level 2.0 Throwing
 + Level 0.5 Armour
 + Level 3.4 Dodging


You had 2 spell levels left.
You didn't know any spells.
Your spell library contained the following spells:

 Spells                   Type           Power      Damage    Failure   Level
 Blink                    Tloc           0%         N/A       75%         2
 Gell's Gravitas          Tloc           0%         N/A       93%         3
 Lesser Beckoning         Tloc           0%         N/A       93%         3
 Teleport Other           Tloc           0%         N/A       93%         3
 Manifold Assault         Tloc           0%         N/A       100%        5


Dungeon Overview and Level Annotations

Branches:
Dungeon (3/15)

Altars:


Innate Abilities, Weirdness & Mutations

You have a pair of small horns on your head.
You may rarely emit foul miasma when damaged in melee.


Message History

There are monsters nearby!
Found 11 gold pieces.
There are monsters nearby!
You reach to attack!
You hit the orc priest but do no damage.
The orc hits you with a +0 flail. The orc priest closely misses you.
There are monsters nearby!
You are too injured to fight recklessly!
There are monsters nearby!
You are too injured to fight recklessly!
There are monsters nearby!
You are too injured to fight recklessly!
You hit the orc priest.
The orc priest is moderately wounded.
The orc closely misses you. The orc priest hits you with a +0 club.
You hit the orc priest but do no damage.
The orc priest is moderately wounded.
The orc hits you with a +0 flail.
* * * LOW HITPOINT WARNING * * *
The orc priest hits you but does no damage.
The orc barely misses you.
You closely miss the orc priest.
The orc priest is moderately wounded.
The orc closely misses you. The orc priest closely misses you.
The orc misses you.
You barely miss the orc priest.
The orc priest is moderately wounded.
The orc barely misses you. The orc priest closely misses you.
The orc hits you but does no damage.
You hit the orc priest.
The orc priest is heavily wounded.
The orc barely misses you. The orc priest hits you with a +0 club.
* * * LOW HITPOINT WARNING * * *
The orc barely misses you.
You hit the orc priest.
The orc priest is severely wounded.
The orc barely misses you.
The orc priest calls down the wrath of Beogh upon you.
Pain shoots through your body!
You die...

#....<#.#.# ##....#.#.#
#$..# #....#.#.# #...#
##....#.#.#####...#
.†.(..#.#.##.##...#
.##.#...#.##.##...#
.##.#.....##.##...#
#.....#.....##ooo#
....#.##########@# #
..#.#.'.[.....##.##....
#.#.#.'.†.......8.......
#...#.'.......##.##.....
# ##############.# ####
... ...# ...# #...#


You could see an orc priest and 2 orcs.

Vanquished Creatures
  An adder (D:2)
  2 worms (D:2)
  A dart slug (D:1)
  4 ball pythons
  4 endoplasms
  A giant cockroach (D:2)
  2 goblins (D:1)
  7 hobgoblins
  6 jackals (D:2)
  5 kobolds
  3 bats
  A frilled lizard (D:2)
  3 rats
40 creatures vanquished.

Notes
Turn   | Place    | Note
-------+----------+-------------------------------------------
     0 | D:1      | Exodus22XD the Demonspawn Gladiator began the quest for the
                  | Orb.
     0 | D:1      | Reached XP level 1. HP: 16/16 MP: 1/1
   204 | D:1      | Gained mutation: You have a pair of small horns on your
                  | head. [demonic ancestry]
   204 | D:1      | Reached XP level 2. HP: 22/22 MP: 2/2
   902 | D:2      | Gained mutation: You may rarely emit foul miasma when
                  | damaged in melee. [demonic ancestry]
   902 | D:2      | Reached XP level 3. HP: 25/27 MP: 3/3
  1761 | D:3      | HP: 1/27 [orc priest/+0 club (3)]
  1762 | D:3      | Killed from afar by an orc priest

Illustrated notes

Levels and vault maps discovered:
D:1:      psy_arrival_basics, layout_basic, minmay_misc_feat_ornament
D:2:      layout_loops_corners
D:3:      layout_basic, ebering_ecumenical_altar_sacrificial,
          kennysheep_cross_bottleneck

Skill      XL: |  1  2  3 |
---------------+----------+-----
Polearms       | 3 |  3.4
Dodging        | 3 |  3.4
Throwing       | 2 |  2.0
Fighting       | |  2.1
Armour         | |  0.5

Action                   || total
-------------------------++-------
Melee: Trident           ||   127
       Headbutt          ||    10
       Punch             ||     2
Armor: Ring mail         ||    40
       Leather armour    ||     2
Dodge: Dodged            ||    78
